 Dungeon Sprint DCSS version 0.16.2-12-gd0ad4c3 (webtiles) character file.

96 musteatbrain the Fighter (level 7, -27/100 HPs)
             Began as a Demonspawn Assassin on Oct 16, 2015.
             Was a Believer of Jiyva.
             Killed from afar by a naga mage (28 damage)
             ... with a poison arrow
             ... in the Dungeon (Sprint VI: "Thunderdome").
             The game lasted 00:04:50 (594 turns).

musteatbrain the Fighter (Demonspawn Assassin)       Turns: 594, Time: 00:04:52

Health: -27/100    AC: 10    Str: 17    XL:     7   Next: 4%
Magic:  0/7        EV: 11    Int: 11    God:    Jiyva [**....]
Gold:   160        SH:  0    Dex: 15    Spells: 0 memorised, 6 levels left

rFire  . . .     SeeInvis .     a - +2 dagger
rCold  . . .     Clarity  .     c - +0 robe
rNeg   . . .     SustAb   .     (no shield)
rPois  .         Gourm    .     (no helmet)
rElec  .         Spirit   +     d - +0 cloak
rCorr  .         Warding  .     (no gloves)
rMut   .         NoTele   +     (no boots)
MR     .....                    (no amulet)
Stlth  ..........               (no ring)
                                (no ring)

@: berserking, lethally poisoned (-27 -> -115), very quick, not resistant to
hostile enchantments, extremely unstealthy
A: talons 1, rough black scales 2, demonic guardian 1, magic shield
a: Request Jelly, Jelly Paralyse, Renounce Religion


You were in the Dungeon.
You worshipped Jiyva.
Jiyva was pleased with you.
You were not hungry.

You visited 1 branch You collected 340 gold pieces.
You spent 180 gold pieces at shops.

Inventory:

Hand weapons
 a - a +2 dagger (weapon)
 b - a +0 blowgun
Missiles
 e - 8 poisoned needles
 f - 2 curare-tipped needles
Armour
 c - a +0 robe (worn)
 d - a +0 cloak (worn)
Magical devices
 o - a wand of cold (5)
 p - a wand of fire (5)
Scrolls
 m - 4 scrolls of blinking
 q - 3 scrolls of fog
Potions
 j - 4 potions of haste
 k - 2 potions of magic
 n - a potion of resistance
 s - a potion of mutation {unknown}
Comestibles
 g - a bread ration


   Skills:
 + Level 10.8 Fighting
 + Level 10.0 Short Blades
 - Level 1.7 Throwing
 - Level 0.8 Dodging
 - Level 3.6 Stealth


You had 6 spell levels left.
You didn't know any spells.

Dungeon Overview and Level Annotations

Branches:
Dungeon (1/1)

Altars:
Cheibriados
Dithmenos
Fedhas
Kikubaaqudgha
Makhleb
Okawaru
Qazlal
Ru
Sif Muna
Trog
Vehumet
Xom
Yredelemnul
Zin
The Shining One
Jiyva
Lugonu

Shops:
D *[%???:(!!!!


Innate Abilities, Weirdness & Mutations

You have sharp toenails.
You are mostly covered in rough black scales (AC +7, Dex -2).
A weak demonic guardian rushes to your aid.
When hurt, damage is shared between your health and your magic reserves.


Message History

You hit the water moccasin. You claw the water moccasin!
The water moccasin is severely wounded.
* * * LOW HITPOINT WARNING * * *
You feel sick.
You hit the water moccasin.
The water moccasin is almost dead.
* * * LOW HITPOINT WARNING * * *
You feel sick. The water moccasin barely misses you.
You hit the water moccasin.
You kill the water moccasin!
Your Short Blades skill increases to level 10!
You have reached level 7!
Your demonic ancestry asserts itself...
Rough black scales spread over more of your body.
* * * LOW HITPOINT WARNING * * *
You feel sick.
The naga mage points at you and mumbles some strange words.
The poison arrow hits you!
You are more poisoned.
You die...

#∩.......∩# #_......._#
#_......._# #_......._#
###.........###
#⌠...........⌠#
######.8.........8.##
##∩___†.....###†....._
###∩...@..N.8.# #.8.....
##......5......###.......
#⌠..........###...###....
#⌠..........# #.<.# #....
#⌠..........###...# #....
##.............###.......
###∩........8.# )8.....
##∩___......# .......
######.8..... ...8.##


You could see a naga mage and a friendly crimson imp.

Vanquished Creatures
  2 water moccasins (D)
  A necrophage (D)
  2 phantoms (D)
  Sigmund (D)
  Jessica (D)
  An adder (D)
  A giant gecko (D)
  A bat skeleton (D)
  A goblin (D)
  2 kobolds (D)
  A ball python (D)
  A quokka (D)
15 creatures vanquished.

Vanquished Creatures (collateral kills)
  A necrophage (D)
  An adder skeleton (D)
  A bat (D)
3 creatures vanquished.

Vanquished Creatures (others)
  A crimson imp (D)
  A quasit (D)
  An iron imp (D)
  A white imp (D)
  4 ufetubi (D)
  A bat zombie (D)
  A hobgoblin (D)
10 creatures vanquished.

Grand Total: 28 creatures vanquished

Notes
Turn   | Place    | Note
--------------------------------------------------------------
     0 | D        | musteatbrain, the Demonspawn Assassin, began the quest for the Orb.
     0 | D        | Reached XP level 1. HP: 16/16 MP: 1/1
     1 | D        | Found an iron altar of Okawaru.
     1 | D        | Found a glowing silver altar of Zin.
     2 | D        | Found a sacrificial altar of Ru.
     3 | D        | Found a burning altar of Makhleb.
     3 | D        | Found a bloodstained altar of Trog.
     4 | D        | Found a corrupted altar of Lugonu.
     4 | D        | Found a shadowy altar of Dithmenos.
     4 | D        | Found Aleun's Staff Store.
     4 | D        | Found Shriagy's Must-Have Magic.
     5 | D        | Found Jithagoh's Distillery.
     5 | D        | Round 1.
     6 | D        | Found a radiant altar of Vehumet.
     7 | D        | Found Xula's Magic Scroll Shop.
     7 | D        | Found Tofa's Magic Scroll Shop.
     8 | D        | Found an ancient bone altar of Kikubaaqudgha.
     9 | D        | Found a snail-covered altar of Cheibriados.
    10 | D        | Found a basalt altar of Yredelemnul.
    11 | D        | Found Wiukin's Bee Food.
    13 | D        | Found Dast's Jewellery.
    15 | D        | Found a deep blue altar of Sif Muna.
    16 | D        | Found Wuuraomi's Advanced Armour.
    16 | D        | Found a blossoming altar of Fedhas.
    16 | D        | Found a viscous altar of Jiyva.
    16 | D        | Found Qinistui's Identification Station.
    25 | D        | Became a worshipper of Jiyva Judyusch the Shapeless
    35 | D        | Bought a wavering glass ring for 45 gold pieces
    35 | D        | Bought a heavily runed glass ring for 45 gold pieces
    35 | D        | Bought a scintillating bone amulet for 45 gold pieces
    35 | D        | Identified the ring "Pnygg" {+Fly rN+ MR+ Int+5} (You bought it in a shop in the Dungeon)
    39 | D        | Identified the ring "Vujishyi" {rC++ MR+ Str-4} (You bought it in a shop in the Dungeon)
    43 | D        | Identified the amulet "Khoc" {Gourm Dex+2} (You bought it in a shop in the Dungeon)
    47 | D        | Bought a brightly glowing bone amulet for 45 gold pieces
    47 | D        | Identified the amulet "Twics" {Stasis Int+4} (You bought it in a shop in the Dungeon)
    50 | D        | Noticed Jessica
    63 | D        | Killed Jessica
    63 | D        | Reached skill level 4 in Fighting
    63 | D        | Gained mutation: A weak demonic guardian rushes to your aid. [demonic ancestry]
    63 | D        | Reached XP level 2. HP: 5/25 MP: 2/2
    89 | D        | Noticed Sigmund
    98 | D        | Killed Sigmund
    98 | D        | Reached skill level 5 in Fighting
    98 | D        | Reached skill level 5 in Short Blades
    98 | D        | Gained mutation: You have sharp toenails. [demonic ancestry]
    98 | D        | Reached XP level 3. HP: 13/34 MP: 3/3
   106 | D        | Acquired Jiyva's first power
   106 | D        | Acquired Jiyva's second power
   135 | D        | Found a glowing golden altar of the Shining One.
   139 | D        | Arena points: 5 (+5) [x1]
   154 | D        | Round 2.
   194 | D        | Reached XP level 4. HP: 23/40 MP: 4/4
   211 | D        | Found Qanoharr's Distillery.
   217 | D        | Found a shimmering altar of Xom.
   218 | D        | Found a stormy altar of Qazlal.
   232 | D        | Found Grotad's Bottled Wisdom.
   232 | D        | Found Klycath's Do-It-Yourself Clinic.
   273 | D        | Arena points: 33 (+28) [x2]
   337 | D        | Round 3.
   345 | D        | Noticed a necrophage
   362 | D        | Killed a necrophage
   362 | D        | Reached skill level 7 in Fighting
   362 | D        | Gained mutation: You are partially covered in rough black scales (AC +4, Dex -1). [demonic ancestry]
   362 | D        | Reached XP level 5. HP: 30/48 MP: 5/5
   385 | D        | Noticed a necrophage
   399 | D        | Killed a necrophage
   399 | D        | Reached skill level 8 in Fighting
   423 | D        | Noticed a phantom
   444 | D        | Noticed a phantom
   458 | D        | Killed a phantom
   475 | D        | Reached skill level 9 in Fighting
   516 | D        | Killed a phantom
   516 | D        | Arena points: 96 (+63) [x3]
   516 | D        | Gained mutation: When hurt, damage is shared between your health and your magic reserves. [demonic ancestry]
   516 | D        | Reached XP level 6. HP: 35/60 MP: 6/6
   550 | D        | Round 4.
   567 | D        | Noticed a water moccasin
   567 | D        | Noticed a water moccasin
   580 | D        | Noticed a naga mage
   591 | D        | Killed a water moccasin
   591 | D        | Reached skill level 10 in Fighting
   593 | D        | HP: 3/91 [poisoned by a water moccasin]
   594 | D        | Killed a water moccasin
   594 | D        | Reached skill level 10 in Short Blades
   594 | D        | Gained mutation: You are mostly covered in rough black scales (AC +7, Dex -2). [demonic ancestry]
   594 | D        | Reached XP level 7. HP: 3/67 MP: 1/7
   594 | D        | HP: 1/100 [poisoned by a water moccasin]
   594 | D        | Killed from afar by a naga mage

Action                   |  1- 3 |  4- 6 |  7- 9 || total
-------------------------+-------+-------+-------++-------
Melee: Dagger            |    21 |   111 |       ||   132
  Use: Potion            |     1 |     5 |       ||     6
 Stab: Distracted        |     1 |       |       ||     1
